 Dungeon Crawl Stone Soup version 0.30-a0-1053-gbd8d5ba0ad (webtiles) character file.

Game seed: 16748573380107731118

172 sampeng1 the Covered (level 5, 15/42 HPs)
             Began as a Human Fighter on Apr 11, 2023.
             Quit the game on level 5 of the Dungeon.
             The game lasted 00:08:56 (239 turns).

sampeng1 the Covered (Human Fighter)                 Turns: 239, Time: 00:08:57

Health: 15/42      AC:  7    Str: 19    XL:     5   Next: 82%
Magic:  5/5        EV:  9    Int:  8    God:
Gold:   20         SH:  5    Dex: 12    Spells: 4/4 levels left

rFire   . . .      SeeInvis .    a - +0 flail
rCold   . . .      Faith    .    c - +0 buckler
rNeg    . . .      Spirit   .    b - +0 scale mail
rPois   .          Reflect  .    (no helmet)
rElec   .          Rampage  .    (no cloak)
rCorr   .                        (no gloves)
Will    .....                    (no boots) Stlth
                                 (no amulet)
HPRegen 0.27/turn                (no ring)
MPRegen 0.09/turn                (no ring)

@: hasted, very quick
A: no striking features
a: no special abilities


You were on level 5 of the Dungeon.
You visited 1 branch of the dungeon, and saw 5 of its levels.

You collected 20 gold pieces.

Inventory:

Hand Weapons
 a - a +0 flail (weapon)
Armour
 b - a +0 scale mail (worn)
 c - a +0 buckler (worn)
 e - a +0 leather armour
Potions
 d - a potion of might


   Skills:
 + Level 4.0 Fighting
 + Level 2.9 Maces & Flails
 + Level 4.1 Armour
 + Level 0.1 Dodging
 + Level 0.2 Stealth
 + Level 3.9 Shields


You had 4 spell levels left.
You didn't know any spells.
Your spell library contained the following spells:

 Spells                   Type           Power      Damage    Failure   Level
 Sting                    Tmut/Pois      0%         1d3       86%         1
 Summon Small Mammal      Summ           0%         N/A       86%         1
 Lesser Beckoning         Tloc           0%         N/A       94%         2
 Poisonous Vapours        Pois/Air       0%         N/A       94%         2
 Call Canine Familiar     Summ           0%         N/A       99%         3
 Gell's Gravitas          Tloc           0%         N/A       99%         3
 Summon Guardian Golem    Hex/Summ       0%         N/A       99%         3
 Teleport Other           Tloc           0%         N/A       99%         3
 Olgreb's Toxic Radiance  Pois           0%         N/A       100%        4


Dungeon Overview and Level Annotations

Branches:
Dungeon (5/15)
 Temple: D:4-7

Altars:

Annotations:
D:5 1 transporter


Message History

The ice beast hits you but does no damage.
You hit the ice beast but do no damage.
The ice beast is severely wounded.
The ice beast hits you but does no damage.
You barely miss the ice beast.
The ice beast is severely wounded.
The ice beast hits you. The ice beast freezes you!
You barely miss the ice beast.
The ice beast is severely wounded.
You block the ice beast's attack.
You hit the ice beast but do no damage.
The ice beast is heavily wounded.
You hit the ice beast.
The ice beast is severely wounded.
The ice beast hits you but does no damage.
You hit the ice beast.
The ice beast is severely wounded.
You hit the ice beast but do no damage.
The ice beast is severely wounded.
The ice beast hits you but does no damage.
You barely miss the ice beast.
The ice beast is severely wounded.
The ice beast closely misses you.
You hit the ice beast but do no damage.
The ice beast is severely wounded.
The ice beast hits you but does no damage.
You barely miss the ice beast.
The ice beast is severely wounded.
The ice beast hits you. The ice beast freezes you.
You hit the ice beast.
The ice beast is almost dead.
The ice beast hits you but does no damage.
You hit the ice beast.
You kill the ice beast!
Your Fighting skill increases to level 4!
Your Armour skill increases to level 4!
You have reached level 5!
Are you sure you want to abandon this character and quit the game? (Confirm with "yes".)
Okay, then.
Are you sure you want to abandon this character and quit the game? (Confirm with "yes".)

####............# .. ..
#......^.....# ## ...
#....#+####'#####.
...####....#............
...........#............
...........#............
...........#######.###..
.................#######
.......@......... #...
................. #...
................. #...
................. ##'#
...........###### #<..
...........# #...
...........# #...
...........# #... ####


There were no monsters in sight!

Vanquished Creatures
  An ice beast (D:5)
  A phantom (D:5)
  An adder (D:2)
  A worm (D:3)
  A ball python (D:4)
5 creatures vanquished.

Notes
Turn   | Place    | Note
-------+----------+-------------------------------------------
     0 | D:1      | sampeng1 the Human Fighter began the quest for the Orb.
     0 | D:1      | Reached XP level 1. HP: 18/18 MP: 1/1
    51 | D:2      | Reached XP level 2. HP: 20/24 MP: 2/2
    58 | D:2      | You fall into a shaft and drop 1 floor!
   113 | D:5      | Entered Level 5 of the Dungeon
   125 | D:5      | Found a transporter.
   208 | D:5      | Noticed a phantom
   211 | D:5      | Noticed an ice beast
   224 | D:5      | Killed a phantom
   225 | D:5      | Reached XP level 3. HP: 27/30 MP: 3/3
   225 | D:5      | Reached XP level 4. HP: 34/37 MP: 4/4
   238 | D:5      | Killed an ice beast
   239 | D:5      | Reached XP level 5. HP: 15/42 MP: 5/5
   239 | D:5      | Quit the game

Illustrated notes

Levels and vault maps discovered:
D:1:      grunt_arrival_crossed_arrows, layout_basic
D:2:      minmay_door_path, layout_basic
D:3:      layout_basic, lemuel_coloured_pillars_altar,
          trog_three_pillars_becter, uniq_robin, uniq_grinder
D:4:      layout_rooms, mainiacjoe_overflow_tiny_flanked, minmay_cupped,
          uniq_pargi, uniq_edmund, uniq_eustachio
D:5:      gammafunk_cloud_chamber, layout_gridville, serial_shops, shop_coins,
          uniq_pikel

Skill      XL: |  1  2  3  4 |
---------------+-------------+-----
Fighting       | 4 |  4.0
Armour         | 4 |  4.1
Maces & Flails | |  2.9
Dodging        | |  0.1
Stealth        | |  0.2
Shields        | |  3.9

Action                     |  1- 3 |  4- 6 || total
---------------------------+-------+-------++-------
  Melee: Flail             |    26 |    15 ||    41
    Use: Scroll            |     1 |       ||     1
         Potion            |     1 |       ||     1
 Armour: Scale mail        |    15 |     7 ||    22
  Dodge: Dodged            |    10 |     2 ||    12
  Block: Buckler           |     4 |     1 ||     5

Table legend: (Time is in decaauts)
 A = Elapsed time spent in this place.
 B = Non-inter-level travel time spent in this place.
 C = Inter-level travel time spent in this place.
 D = Time resting spent in this place.
 E = Time spent auto-exploring this place.
 F = Levels seen in this place.
 G = Mean time per level.
                   A        B        C        D        E       F      G
               +--------+--------+--------+--------+--------+-----+--------+
         Total |    240 |    217 |     23 |      0 |      0 |   5 |   48.0 |
       Dungeon |    240 |    217 |     23 |      0 |      0 |   5 |   48.0 |
               +--------+--------+--------+--------+--------+-----+--------+

Top non-repeatable levels by time:
     D:5: 122 daAuts
     D:1: 36 daAuts
     D:3: 30 daAuts
     D:4: 26 daAuts
     D:2: 25 daAuts
